 Dungeon Crawl Stone Soup version 0.24.0-13-gcf9b3192b9 (webtiles) character file.

Game seed: 3341010056221394568, levelgen mode: deterministic

263 mopl the Spear-Bearer (level 6, -1/70 HPs)
             Began as a Merfolk Monk on Nov 6, 2019.
             Slain by an orc
             ... wielding a +0 short sword
              (2 damage)
             ... on level 4 of the Dungeon.
             The game lasted 00:04:35 (2689 turns).

mopl the Spear-Bearer (Merfolk Monk)                Turns: 2689, Time: 00:04:35

Health: -1/70      AC:  5    Str: 18    XL:     6   Next: 19%
Magic:  6/7        EV: 13    Int:  9    God:
Gold:   208        SH:  0    Dex: 17    Spells: 5/5 levels left

rFire    . . .     SeeInvis .   a - +0 spear
rCold    . . .     Gourm    .   (no shield)
rNeg     + . .     Faith    .   h - +0 ring mail
rPois    .         Spirit   .   (no helmet)
rElec    .         Reflect  .   (no cloak)
rCorr    .         Harm     .   (no gloves)
MR       .....                  (no boots)
Stlth    ..........             q - amulet of rage
HPRegen  0.21/turn              r - ring of positive energy
MPRegen  0.10/turn              (no ring)

@: berserking (expiring), very quick
A: change form in water, swift swim, stealthy swim
a: Evoke Berserk Rage


You were on level 4 of the Dungeon.
You were not hungry.

You visited 1 branch of the dungeon, and saw 4 of its levels.

You collected 208 gold pieces.

Inventory:

Hand Weapons
 a - a +0 spear (weapon)
Missiles
 e - 16 poisoned darts (quivered)
Armour
 h - a +0 ring mail (worn)
Jewellery
 q - an amulet of rage (around neck)
 r - a ring of positive energy (left hand)
Wands
 k - a wand of iceblast (8)
Scrolls
 b - a scroll of random uselessness {unknown}
 d - 3 scrolls of teleportation {unknown}
 g - a scroll of noise {unknown}
 i - 3 scrolls of remove curse
 l - 2 scrolls of fear {unknown}
 m - 5 scrolls of identify
 o - a scroll of enchant armour {unknown}
Potions
 f - a potion of flight
 j - a potion of might
 n - a potion of curing
 p - a potion of heal wounds
Comestibles
 c - 8 rations
 s - 2 chunks of flesh


   Skills:
 - Level 3.2 Fighting
 + Level 9.3 Polearms
 - Level 4.0 Dodging
 - Level 2.1 Stealth
 + Level 1.5 Evocations


You had 5 spell levels left.
You didn't know any spells.
Your spell library was empty.

Dungeon Overview and Level Annotations

Branches:
Dungeon (4/15)
 Temple: D:4-7

Altars:
Dithmenos
Ru


Message History

Aim: an orc, wielding a +0 short sword and wearing a +0 ring mail (heavily wounded)
Something you can't see is in the way.
You miss something.
Attack whom?
Press: ? - help, Dir - move target cursor, f/p - orc
Aim: an orc, wielding a +0 short sword and wearing a +0 ring mail (heavily wounded)
Something you can't see is in the way.
You miss something.
You hear some strange, mumbled words.
Something tries to affect you, but you resist.
You miss something. You puncture something!
Something hits you but does no damage.
You are electrocuted!
* * * LOW HITPOINT WARNING * * *
You completely miss something. You closely miss something. You miss something.
Something hits you but does no damage.
You puncture something!
Reactivating autopickup.
You feel a bit more experienced. The orc hits you with a +0 short sword.
You die...

###.........#
#.#........#
≈≈#.........#
#..........#
_≈###########
#.........#### ..#
#.#######..... ≈.#
#. #.#### ..#
####### #. ...#
≈.# #.....# #.
##### ..#
####....)#########
≈.#
#.......o@........
..##
#.##..)..#########
≈.≈# #......'...#
.≈.# #.....)###.#
...# #......# #.#
..## #.###### #.#
.## #. #.# .# #
#.# .# #.#


You could see an orc.

Vanquished Creatures
  2 orc wizards (D:4)
  An iguana (D:4)
  A worker ant (D:4)
  A hound skeleton (D:4)
  7 adders
  A gnoll (D:1)
  2 worms
  2 dart slugs
  2 leopard geckos
  3 orcs
  3 ball pythons
  4 giant cockroaches
  7 hobgoblins
  5 kobolds
  A quokka (D:4)
  6 bats
  9 frilled lizards
  A giant cockroach zombie (D:3)
  8 goblins
  9 rats
75 creatures vanquished.

Notes
Turn   | Place    | Note
-------+----------+-------------------------------------------
     0 | D:1      | mopl the Merfolk Monk began the quest for the Orb.
     0 | D:1      | Reached XP level 1. HP: 18/18 MP: 1/1
    88 | D:1      | Reached skill level 5 in Polearms
    94 | D:1      | Reached XP level 2. HP: 12/24 MP: 2/2
   508 | D:1      | Reached skill level 6 in Polearms
   508 | D:1      | Reached XP level 3. HP: 18/29 MP: 3/3
   724 | D:2      | Reached XP level 4. HP: 35/35 MP: 4/4
   743 | D:2      | Reached skill level 7 in Polearms
  1202 | D:3      | Reached skill level 8 in Polearms
  1234 | D:3      | Reached XP level 5. HP: 18/41 MP: 5/5
  1759 | D:3      | Found a shadowy altar of Dithmenos.
  2387 | D:4      | Found a sacrificial altar of Ru.
  2652 | D:4      | Reached skill level 9 in Polearms
  2679 | D:4      | Reached skill level 1 in Evocations
  2679 | D:4      | Reached XP level 6. HP: 12/47 MP: 6/6
  2684 | D:4      | HP: 1/70 [something (12)]
  2689 | D:4      | Slain by an orc

Levels and vault maps discovered:
D:1:      minmay_arrival_radiant_lines, layout_basic, minmay_fountain_box
D:2:      layout_rooms, first_ration
D:3:      layout_loops_corners, nicolae_dithmenos_through_a_glass_darkly
D:4:      layout_basic, nicolae_ru_path_of_blood

Skill      XL: |  1  2  3  4  5 |
---------------+----------------+-----
Polearms       | 5 6 8 9 |  9.3
Evocations     | 1 |  1.5
Fighting       | |  3.2
Dodging        | |  4.0
Stealth        | |  2.1

Action                   |  1- 3 |  4- 6 || total
-------------------------+-------+-------++-------
Melee: Spear             |   112 |   210 ||   322
 Abil: Evoke Berserk Rag |       |     2 ||     2
  Use: Scroll            |       |     7 ||     7
       Potion            |       |     1 ||     1
 Stab: Sleeping          |     5 |     3 ||     8
  Eat: Chunk             |       |     4 ||     4
       Ration            |       |     1 ||     1
Armor: Robe              |     7 |       ||     7
       Ring mail         |    12 |    31 ||    43
Dodge: Dodged            |    54 |    67 ||   121
